 Dungeon Crawl Stone Soup version 0.18.1-8-gdd0e5ea (webtiles) character file.

7812 sleepydude the Basher (level 11, -9/90 HPs)
             Began as a Minotaur Berserker on June 11, 2016.
             Was an Elder of Trog.
             Mangled by a large abomination (20 damage)
             ... on level 1 of the Abyss.
             The game lasted 00:47:50 (9285 turns).

sleepydude the Basher (Minotaur Berserker)          Turns: 9285, Time: 00:47:51

Health: -9/90      AC: 18    Str: 22    XL:     11   Next: 1%
Magic:  10/10      EV: 14    Int:  5    God:    Trog [****..]
Gold:   492        SH:  0    Dex:  9    Spells: 0 memorised, 10 levels left

rFire  + . .     SeeInvis .     w - +2 flail (protect)
rCold  . . .     Gourm    .     m - +3 ring mail {rF+}
rNeg   + . .     Faith    .     (no shield)
rPois  .         Spirit   .     (helmet restricted)
rElec  .         Dismiss  .     (no cloak)
rCorr  .         Reflect  .     o - +0 pair of gloves
SustAt .         Harm     .     H - +0 pair of boots
MR     .....     Rnd*Tele +     J - amulet of Kysac {+Rage rN+}
Stlth  ..........               v - +3 ring of intelligence
                                (no ring)

@: exhausted, slowed, very slow, not resistant to hostile enchantments,
extremely unstealthy
A: retaliatory headbutt, claws 1, horns 2, talons 1, clumsy 2, dopey 1, sense
surroundings 1, robust 1, teleportitis 1, no device heal 2, subdued magic 1,
MP-powered wands
a: Berserk, Trog's Hand, Brothers in Arms, Burn Spellbooks, Renounce Religion,
Evoke Berserk Rage


You were on level 1 of the Abyss.
You worshipped Trog.
Trog was greatly pleased with you.
You were very hungry.

You visited 1 branch of the dungeon, and saw 10 of its levels.
You visited the Abyss 1 time.

You collected 492 gold pieces.

Inventory:

Hand Weapons
 a - a +1 mace
 w - a +2 flail of protection (weapon)
 A - a +1 morningstar
 E - a +2 flail of pain
Armour
 b - a +0 animal skin
 m - a +3 ring mail of fire resistance (worn)
 o - a +0 pair of gloves (worn)
 F - a +0 plate armour
 G - a +1 ring mail of magic resistance
 H - a +0 pair of boots (worn)
Jewellery
 g - an uncursed ring of fire
 n - an uncursed amulet of dismissal
 v - a +3 ring of intelligence (right hand)
 J - the amulet of Kysac (around neck) {+Rage rN+}
   (You found it on level 8 of the Dungeon)

   [amulet of rage]

   It protects you from negative energy.
   It lets you go berserk.
Wands
 x - a wand of flame (24/48)
Scrolls
 f - 9 scrolls of identify
 h - a scroll of enchant weapon
 s - a scroll of noise {unknown}
 t - a scroll of enchant armour
 u - a scroll of torment {unknown}
 y - 2 scrolls of random uselessness {unknown}
 C - 3 scrolls of remove curse
 I - a scroll of silence {unknown}
Potions
 e - a potion of berserk rage {unknown}
 i - a potion of agility {unknown}
 j - a potion of might {unknown}
 k - a potion of flight
 p - a potion of lignification {unknown}
 q - 3 potions of curing
 r - a potion of magic {unknown}
 z - a potion of haste {unknown}
 B - a potion of cure mutation {unknown}
Comestibles
 c - 8 bread rations
 d - 8 fruits
 l - 4 meat rations


   Skills:
 - Level 3.6 Fighting
 - Level 14.0 Maces & Flails
 + Level 10.5 Armour
 + Level 9.7 Dodging


You had 10 spell levels left.
You didn't know any spells.

Dungeon Overview and Level Annotations

Branches:
Dungeon (10/15)            Temple (0/1) D:7
   Lair: D:8-11         Orc: D:9-12

Altars:
Ashenzari
Dithmenos
Ru
Vehumet
The Shining One

Shops:
D:9 [

Annotations:
D:9 Psyche


Innate Abilities, Weirdness & Mutations

You reflexively headbutt those who attack you in melee.
You have a pair of horns on your head.
You have sharp fingernails.
You have sharp toenails.
You are dopey. (Int -2)
You passively map a small area around you.
You are robust (+10% HP).
Your spells are a little easier to cast, but a little less powerful.
You expend magic power (3 MP) to strengthen your wands.
[You are very clumsy. (Dex -4)]
[You are occasionally teleported next to monsters.]
[Potions and wands are poor at restoring your health.]


Message History

The large abomination is heavily damaged.
The large abomination misses you.
You hit the large abomination but do no damage.
You headbutt the large abomination, but do no damage.
The large abomination is heavily damaged.
The large abomination hits you!!
You hit the large abomination.
You headbutt the large abomination, but do no damage.
The large abomination is severely damaged.
The large abomination closely misses you.
You furiously retaliate!
You headbutt the large abomination. The large abomination hits you.
* * * LOW HITPOINT WARNING * * *
The orange demon stings you but does no damage.
The large abomination hits you!
* * * LOW HITPOINT WARNING * * *
Your ogre goes berserk!
You are feeling very hungry.
The large abomination hits you!!
You die...

.. #. ##.##.. #.
#. .. ..# ...## #.
.. .x # .#..# #..#
# ##..# .#
#..##}#.# ##....#
# # ##@##. # . #..
#.XX#### .#.##
.....#.O4..#.....#
.x................
..................
..................
.....#.....#.....
#...###...###...##
.... ..... ....#


You could see an orange demon, 2 large abominations, a worldbinder and a
friendly ogre (berserk).

Vanquished Creatures
  A yaktaur captain (D:8)
  A thrashing horror (Abyss:1)
  A wretched star (Abyss:1)
  A wolf spider zombie (Abyss:1)
  Joseph (D:8)
  2 trolls (D:8)
  A two-headed ogre (D:8)
  A spriggan (D:7)
  A wraith (D:8)
  A hippogriff (D:7)
  A hungry ghost (D:7)
  A water moccasin (D:6)
  3 sky beasts (D:8)
  A black bear (D:6)
  An ice beast (D:8)
  A phantom (D:5)
  An orc warrior (D:8)
  An ogre (D:7)
  3 centaurs (D:7)
  6 big kobolds (D:8)
  5 giant frogs
  A wyvern zombie (D:7)
  A gnoll sergeant (D:8)
  A water moccasin skeleton (D:5)
  A scorpion (D:6)
  4 killer bees (D:8)
  8 wights
  3 crimson imps
  5 jellies
  A quasit (Abyss:1)
  7 orc priests
  A hound (D:6)
  4 worker ants
  4 orc wizards
  A howler monkey skeleton (D:7)
  A worker ant zombie (D:6)
  12 gnolls
  4 adders
  A white imp (Abyss:1)
  An adder skeleton (D:6)
  An adder zombie (D:5)
  5 worms (D:2)
  A dart slug (D:1)
  7 giant geckos
  21 orcs
  4 giant cockroaches
  5 goblins
  7 hobgoblins
  5 jackals
  5 quokkas
  3 ball pythons
  3 bats (D:2)
  3 giant newts
  26 kobolds
  3 rats
195 creatures vanquished.

Vanquished Creatures (collateral kills)
  A death knight (D:8)
1 creature vanquished.

Grand Total: 196 creatures vanquished

Notes
Turn   | Place    | Note
--------------------------------------------------------------
     0 | D:1      | sleepydude the Minotaur Berserker began the quest for the Orb.
     0 | D:1      | Reached XP level 1. HP: 19/19 MP: 0/0
   291 | D:1      | Reached skill level 4 in Maces & Flails
   450 | D:1      | Reached XP level 2. HP: 22/26 MP: 1/1
   833 | D:2      | Found a shadowy altar of Dithmenos.
  1014 | D:2      | Reached skill level 5 in Maces & Flails
  1285 | D:2      | Reached XP level 3. HP: 29/31 MP: 2/2
  1307 | D:2      | Reached ** piety under Trog
  2080 | D:2      | Gained mutation: You are robust (+10% HP). [potion of mutation]
  2080 | D:2      | Gained mutation: Your spells are a little easier to cast, but a little less powerful. [potion of mutation]
  2080 | D:2      | Gained mutation: You are very robust (+20% HP). [potion of mutation]
  2290 | D:3      | Reached skill level 6 in Maces & Flails
  2290 | D:3      | Reached XP level 4. HP: 46/46 MP: 3/3
  2741 | D:3      | Lost mutation: You are very robust (+20% HP). [potion of mutation]
  2741 | D:3      | Gained mutation: You passively map a small area around you. [potion of mutation]
  2741 | D:3      | Gained mutation: You expend magic power (3 MP) to strengthen your wands. [potion of mutation]
  2841 | D:4      | Reached XP level 5. HP: 45/49 MP: 4/4
  3084 | D:4      | Reached *** piety under Trog
  3177 | D:4      | Reached skill level 7 in Maces & Flails
  3212 | D:4      | Reached skill level 8 in Maces & Flails
  3590 | D:5      | Entered Level 5 of the Dungeon
  3601 | D:5      | Reached XP level 6. HP: 56/56 MP: 5/5
  3703 | D:5      | Found a glowing golden altar of the Shining One.
  4009 | D:5      | Reached skill level 9 in Maces & Flails
  4558 | D:6      | Reached XP level 7. HP: 42/62 MP: 6/6
  4687 | D:6      | Reached skill level 10 in Maces & Flails
  4912 | D:6      | Found a radiant altar of Vehumet.
  5258 | D:6      | Reached skill level 11 in Maces & Flails
  5341 | D:6      | Found a shattered altar of Ashenzari.
  5342 | D:6      | Found a sacrificial altar of Ru.
  5399 | D:6      | Reached XP level 8. HP: 37/70 MP: 7/7
  5559 | D:7      | Reached skill level 12 in Maces & Flails
  5693 | D:7      | Reached skill level 13 in Maces & Flails
  5767 | D:7      | Found a staircase to the Ecumenical Temple.
  5888 | D:7      | Reached **** piety under Trog
  6033 | D:7      | Reached XP level 9. HP: 77/77 MP: 8/8
  6170 | D:7      | Reached skill level 14 in Maces & Flails
  6546 | D:8      | Reached skill level 5 in Armour
  6823 | D:8      | Reached skill level 5 in Dodging
  6966 | D:8      | You fall through a shaft for 2 floors!
  6966 | D:10     | Entered Level 10 of the Dungeon
  7141 | D:8      | Reached ***** piety under Trog
  7146 | D:8      | Gained mutation: You have sharp toenails. [mutagenic meat]
  7148 | D:8      | Gained mutation: You have sharp fingernails. [mutagenic meat]
  7149 | D:8      | Gained mutation: You are dopey. (Int -2) [mutagenic meat]
  7455 | D:8      | Noticed a yaktaur captain
  7496 | D:8      | Reached XP level 10. HP: 66/84 MP: 9/9
  7578 | D:8      | Noticed a death knight
  7591 | D:8      | Killed a yaktaur captain
  7609 | D:8      | HP: 2/84 [death knight/broad axe (8)]
  7611 | D:8      | Killed a death knight
  7944 | D:8      | Gained mutation: You are very robust (+20% HP). [mutagenic meat]
  7948 | D:8      | Lost mutation: You are very robust (+20% HP). [mutagenic meat]
  7963 | D:8      | Got a faintly glowing copper amulet
  7964 | D:8      | Identified the amulet of Kysac {+Rage rN+} (You found it on level 8 of the Dungeon)
  8358 | D:8      | Noticed Joseph
  8371 | D:8      | Killed Joseph
  8551 | D:9      | Found Busas's Armour Emporium.
  8556 | D:9      | Noticed Psyche
  8564 | D:9      | Cast into level 1 of the Abyss (Psyche)
  8750 | Abyss:1  | Noticed an apocalypse crab
  8779 | Abyss:1  | Paralysed by an apocalypse crab for 7 turns
  8798 | Abyss:1  | Noticed a tentacled starspawn
  9039 | Abyss:1  | Reached skill level 10 in Armour
  9088 | Abyss:1  | Noticed a wretched star
  9132 | Abyss:1  | Killed a wretched star
  9262 | Abyss:1  | Noticed a thrashing horror
  9274 | Abyss:1  | Noticed an orange demon
  9274 | Abyss:1  | Killed a thrashing horror
  9274 | Abyss:1  | Reached XP level 11. HP: 72/90 MP: 10/10
  9285 | Abyss:1  | Mangled by a large abomination

Skill      XL: |  1  2  3  4  5  6  7  8  9 10 |
---------------+-------------------------------+-----
Maces & Flails | 4 5 6 8 9 11 13 14 | 14.0
Armour         | 7 10 | 10.5
Dodging        | 6 9 |  9.7
Fighting       | |  3.6

Action                   |  1- 3 |  4- 6 |  7- 9 | 10-12 || total
-------------------------+-------+-------+-------+-------++-------
Melee: Mace              |    97 |   115 |     8 |       ||   220
       Headbutt          |    16 |    21 |    51 |    22 ||   110
       Flail             |       |       |   300 |    84 ||   384
Invok: Berserk           |     1 |     1 |     5 |     4 ||    11
       Burn Spellbooks   |       |     1 |       |       ||     1
       Brothers in Arms  |       |       |       |     2 ||     2
 Abil: Evoke Berserk Rag |       |       |       |     2 ||     2
Evoke: Wand              |       |       |     1 |       ||     1
  Use: Potion            |     4 |     1 |       |       ||     5
       Scroll            |     3 |     4 |       |     1 ||     8
  Eat: Chunk             |     5 |     7 |    15 |     6 ||    33
       Pizza             |       |     1 |     1 |       ||     2
       Fruit             |       |       |     4 |       ||     4
       Meat ration       |       |       |       |     1 ||     1
       Bread ration      |       |       |       |     1 ||     1
Armor: Animal skin       |     4 |       |       |       ||     4
       Ring mail         |    20 |    29 |   145 |    46 ||   240
       Scale mail        |       |    10 |       |       ||    10
Dodge: Dodged            |    44 |    48 |   152 |    57 ||   301
